 Dungeon Crawl Stone Soup version 0.28.0-53-g5a82cb258f (webtiles) character file.

Game seed: 14259026750544606534

882 jiml777 the Digger (level 8, -3/66 HPs)
             Began as a Gargoyle Earth Elementalist on June 10, 2022.
             Was an Initiate of Gozag.
             Slain by an orc warrior
             ... wielding a +0 halberd
              (6 damage)
             ... on level 5 of the Dungeon.
             The game lasted 00:31:33 (6040 turns).

jiml777 the Digger (Gargoyle Earth Elementalist)    Turns: 6040, Time: 00:31:33

Health: -3/66      AC: 24    Str: 11 (12) XL:     8   Next: 5%
Magic:  2/15       EV:  2    Int: 15 (18) God:    Gozag
Gold:   146        SH:  0    Dex:  7 (10) Spells: 10/16 levels left

rFire   . . .      SeeInvis .   t - +0 rapier
rCold   . . .      Faith    .   (no shield)
rNeg    + . .      Spirit   .   (armour currently unavailable)
rPois   ∞          Reflect  .   (helmet currently unavailable)
rElec   .          Harm     .   (cloak currently unavailable)
rCorr   .          Rampage  .   (gloves currently unavailable)
Will    .....      NoTele   +   (boots currently unavailable)
Stlth   ++........              (no amulet)
HPRegen 0.21/turn               g - ring of wizardry
MPRegen 0.14/turn               l - ring of wizardry

@: tree-form, gold aura
A: stationary, stasis, torment immunity, boosted hp, sickness immunity, AC +5,
negative energy resistance 1, (electricity resistance), torment resistance 1,
petrification resistance
a: Renounce Religion, Potion Petition, Call Merchant, Bribe Branch


You were on level 5 of the Dungeon.
You worshipped Gozag.
Gozag was aware of your devotion.
You were a tree.
You visited 2 branches of the dungeon, and saw 6 of its levels.

You collected 267 gold pieces.
You paid 121 gold pieces to Gozag.

Inventory:

Hand Weapons
 a - a +0 spear
 t - a +0 rapier (weapon)
Missiles
 c - 155 stones
 f - 10 poisoned darts
 i - 42 sling bullets
 k - 5 curare-tipped darts
 s - 20 arrows
Armour
 b - a +0 robe (melded)
 d - a +2 cloak (melded)
 j - a +0 pair of gloves (melded)
 p - a +0 leather armour
Jewellery
 g - a ring of wizardry (left branch)
 l - a ring of wizardry (right branch)
Wands
 o - a wand of iceblast (5)
Scrolls
 e - a scroll of magic mapping {unknown}
 h - a scroll of identify
 m - a scroll of enchant armour {unknown}
 n - a scroll of fear


   Skills:
 + Level 1.7 Fighting
 + Level 3.4 Polearms
 + Level 2.6 Dodging
 + Level 3.3 Stealth
 + Level 4.8 Spellcasting
 * Level 1.8 Conjurations
 * Level 1.2 Transmutations
 + Level 5.9 Earth Magic


You had 10 spell levels left.
You knew the following spells:

 Your Spells              Type           Power      Damage    Failure   Level
a - Sandblast             Erth           42%        2d11      1%          1
b - Passwall              Tmut/Erth      11%        N/A       1%          2
c - Stone Arrow           Conj/Erth      30%        3d8       2%          3

Your spell library contained the following spells:

 Spells                   Type           Power      Damage    Failure   Level
 Magic Dart               Conj           36%        1d4       2%          1
 Freeze                   Ice            12%        1d4       4%          1
 Call Imp                 Summ           3%         N/A       7%          2
 Mephitic Cloud           Conj/Pois/Air  5%         N/A       11%         3
 Petrify                  Tmut/Erth      14%        N/A       11%         4
 Frozen Ramparts          Ice            6%         1d2       13%         3
 Hailstorm                Conj/Ice       6%         3d4       28%         4


Dungeon Overview and Level Annotations

Branches:
Dungeon (5/15)             Temple (1/1) D:4

Altars:
Ashenzari
Dithmenos
Elyvilon
Fedhas
Gozag
Nemelex Xobeh
Ru
Sif Muna
Trog
Uskayaw
Wu Jian
Xom
Yredelemnul
Zin
The Shining One

Shops:
D:3 =


Innate Abilities, Weirdness & Mutations

You are a tree.
Your roots penetrate the ground, keeping you stationary.
You cannot be teleported.
You are immune to unholy pain and torment.
Your maximum health is greatly increased.
Your equipment is partially melded.
You are immune to sickness and miasma.
((Your stone body is resilient. (AC +5)))
You are immune to poison.
You resist negative energy. (rN+)
((You are resistant to electric shocks. (rElec)))
You are resistant to unholy torment.
You are immune to petrification.


Message History

You puncture the bullfrog zombie!
You destroy the bullfrog zombie!
The orc warrior closely misses you.
Casting: Stone Arrow (dangerous; 2% risk of failure)
Confirm with . or Enter, or press ? or * to list all spells.
Aiming: Stone Arrow (dangerous; 2% risk of failure)
Press: ? - help, Shift-Dir - straight line, f - orc warrior
Aim: an orc warrior, wielding a +0 halberd and wearing a +0 chain mail (64% to hit)
The stone arrow misses the orc warrior.
The orc warrior hits you but does no damage.
The adder bites you but does no damage.
It was a potion of degeneration.
There was something very wrong with that liquid.
You feel weakened.
You feel dopey.
You feel clumsy.
The orc warrior hits you from afar with a +0 halberd!
* * * LOW HITPOINT WARNING * * *
The adder bites you but does no damage.
Really quaff the potion of lignification?
You turn into a tree.
Your +2 cloak melds into your body.
Your +0 pair of gloves melds into your body.
Your +0 robe melds into your body.
Your roots penetrate the ground.
The orc warrior hits you from afar with a +0 halberd!
* * * LOW HITPOINT WARNING * * *
The adder bites you but does no damage.
You barely miss the adder. The adder bites you but does no damage.
The orc hits you but does no damage.
The orc warrior hits you from afar with a +0 halberd.
* * * LOW HITPOINT WARNING * * *
The adder bites you but does no damage. The orc hits you but does no damage.
You hit the adder.
The adder is lightly wounded.
The orc warrior hits you but does no damage.
The adder completely misses you. The orc hits you but does no damage.
The orc warrior hits you but does no damage.
You hit the adder.
The adder is heavily wounded.
The adder bites you but does no damage. The orc hits you but does no damage.
The orc warrior hits you from afar with a +0 halberd.
You die...
Your body crumbles into a pile of gold.

#....†...#..###..##.....####
#....<.....###..#########
##.######### #.## ... ###.#
## #...# #.### ##########
#.# ### .........###.###.##
.............#oS♣.#
...............o###
..........#######
.....S$..## ....$....#
.....o...# .........#
#..#...### #.......


You could see an orc warrior, an adder and an orc.

Vanquished Creatures
  Edmund (D:4)
  A black bear (D:4)
  A necrophage (D:4)
  An ogre (D:5)
  A scorpion (D:3)
  A howler monkey (D:5)
  A hound (D:4)
  A bullfrog zombie (D:5)
  An iguana (D:4)
  Ijyb (D:3)
  A killer bee zombie (D:5)
  A hound skeleton (D:3)
  7 gnolls (D:4)
  5 adders
  A dart slug (D:2)
  15 orcs
  4 endoplasms
  3 giant cockroaches
  3 goblins
  9 hobgoblins
  4 jackals (D:2)
  4 quokkas
  7 ball pythons
  3 bats
  7 frilled lizards
  46 kobolds
  2 rats (D:2)
132 creatures vanquished.

Notes
Turn   | Place    | Note
-------+----------+-------------------------------------------
     0 | D:1      | jiml777 the Gargoyle Earth Elementalist began the quest for
                  | the Orb.
     0 | D:1      | Reached XP level 1. HP: 10/10 MP: 3/3
   359 | D:1      | Reached skill level 4 in Earth Magic
   359 | D:1      | Reached XP level 2. HP: 4/15 MP: 3/5
  1275 | D:2      | Found a shimmering altar of Xom.
  1308 | D:2      | Reached XP level 3. HP: 16/19 MP: 4/6
  1792 | D:2      | Learned a level 2 spell: Passwall
  1796 | D:2      | Learned a level 3 spell: Stone Arrow
  2164 | D:3      | Found Zimioc's Jewellery Shoppe.
  2344 | D:3      | Noticed a scorpion
  2356 | D:3      | Killed a scorpion
  2357 | D:3      | Reached skill level 1 in Polearms
  2357 | D:3      | Reached XP level 4. HP: 22/24 MP: 4/8
  2410 | D:3      | Reached XP level 5. HP: 26/28 MP: 9/9
  2439 | D:3      | Found a faded altar of an unknown god.
  2503 | D:3      | Noticed Ijyb
  2512 | D:3      | Killed Ijyb
  2613 | D:3      | Found a sparkling altar of Nemelex Xobeh.
  2658 | D:3      | Found a glowing golden altar of the Shining One.
  2789 | D:3      | Identified the +5 war axe of Ulyav {vorpal, *Noise rC++}
  3633 | D:4      | Found a bloodstained altar of Trog.
  3689 | D:4      | Noticed a black bear
  3701 | D:4      | Killed a black bear
  3702 | D:4      | Reached skill level 1 in Fighting
  3702 | D:4      | Reached XP level 6. HP: 34/34 MP: 1/11
  3712 | D:4      | Noticed a necrophage
  3829 | D:4      | Killed a necrophage
  3830 | D:4      | Reached skill level 5 in Earth Magic
  3978 | D:4      | Reached XP level 7. HP: 38/38 MP: 2/12
  4795 | D:4      | Noticed Edmund
  4800 | D:4      | Killed Edmund
  4994 | D:4      | Found a staircase to the Ecumenical Temple.
  5003 | Temple   | Entered the Ecumenical Temple
  5330 | D:4      | Found a white marble altar of Elyvilon.
  5407 | D:4      | Reached skill level 1 in Conjurations
  5868 | D:5      | Entered Level 5 of the Dungeon
  5872 | D:5      | Reached skill level 1 in Transmutations
  5945 | D:5      | Found an opulent altar of Gozag.
  5947 | D:5      | Found an opulent altar of Gozag.
  5952 | D:5      | Found an opulent altar of Gozag.
  5955 | D:5      | Became a worshipper of Gozag Ym Sagoz the Greedy
  5960 | D:5      | Found an opulent altar of Gozag.
  6024 | D:5      | Reached XP level 8. HP: 44/44 MP: 5/15
  6038 | D:5      | HP: 2/66 [orc warrior/+0 halberd (5)]
  6040 | D:5      | Slain by an orc warrior

Illustrated notes

Levels and vault maps discovered:
D:1:      erik_arrival_orb_chamber, layout_basic
D:2:      layout_basic, serial_rivers, chequers_serial_rivers_room_b,
          chequers_serial_rivers_large_a, chequers_serial_rivers_micro_d,
          chequers_serial_rivers_small_a, chequers_serial_rivers_small_3,
          basic_altar
D:3:      layout_basic, lemuel_crystal_altar, mainiacjoe_overflow_paths,
          chequers_ecumenical_altar_island, serial_shops, shop,
          kennysheep_generic_room_14, uniq_ijyb
D:4:      minmay_goblin_kobold_castle, layout_basic,
          mainiacjoe_overflow_catwalk, mainiacjoe_overflow_tiny_flanked,
          temple_pool_b, uniq_edmund
D:5:      layout_rooms, kennysheep_mini_moat,
          nicolae_gozag_conspicuous_consumption, uniq_pikel, uniq_grinder,
          uniq_sigmund
Temple:   nicolae_temple_figure_zero

Skill      XL: |  1  2  3  4  5  6  7 |
---------------+----------------------+-----
Earth Magic    | 4 5 |  5.9
Polearms       | 1 2 3 |  3.4
Dodging        | 2 |  2.6
Spellcasting   | 3 4 |  4.8
Stealth        | 3 |  3.3
Fighting       | 1 |  1.7
Conjurations   | 1 |  1.8
Transmutations | 1 |  1.2

Action                   |  1- 3 |  4- 6 |  7- 9 || total
-------------------------+-------+-------+-------++-------
Melee: Spear             |    96 |   111 |    62 ||   269
       Punch             |     2 |     2 |     2 ||     6
       Rapier            |       |       |    23 ||    23
 Cast: Sandblast         |    37 |    27 |    42 ||   106
       Stone Arrow       |       |     6 |    13 ||    19
  Use: Scroll            |       |     4 |       ||     4
       Potion            |       |       |     2 ||     2
 Stab: Sleeping          |     3 |     3 |       ||     6
Armor: Robe              |    62 |    59 |    47 ||   168
       Skin              |       |       |    10 ||    10
Dodge: Dodged            |    90 |    66 |    70 ||   226
